 Dungeon Crawl Stone Soup version bcrawl-1.28 (webtiles) character file.

Game seed: 15134756835302001075

104125 pasperui the Sneak (level 2, -1/26 HPs)
             Began as a Naga Sloth Apostle on Dec 10, 2020.
             Was an Initiate of Cheibriados.
             Slain by a rat (2 damage)
             ... on level 1 of the Dungeon.
             The game lasted 00:00:54 (289 turns).

pasperui the Sneak (Naga Sloth Apostle)              Turns: 289, Time: 00:00:54

Health: -1/26      AC:  1    Str: 15    XL:     2   Next: 25%
Magic:  3/3        EV:  9    Int: 13    God:    Cheibriados [......]
Gold:   4          SH:  0    Dex: 11    Spells: 2/3 levels left

rFire    . . .     SeeInvis +   a - +0 falchion
rCold    . . .     Gourm    .   (no shield)
rNeg     . . .     Faith    .   b - +0 robe
rPois    +         Spirit   .   (no helmet)
rElec    .         Reflect  .   (no cloak)
rCorr    .         Harm     .   (no gloves)
MR       .....                  (no barding)
Stlth    +++.......             (no amulet)
HPRegen  0.08/turn              (no ring)
MPRegen  0.08/turn              (no ring)

@: short of breath, very slow
A: large, see invisible, deformed body, poison resistance, slowness 2, slow
metabolism 1, spit poison 1, AC +0
a: Spit Poison, Bend Time, Renounce Religion


You were on level 1 of the Dungeon.
You worshipped Cheibriados.
Cheibriados was noncommittal.
You were not hungry.

You visited 1 branch of the dungeon, and saw 1 of its levels.

You collected 4 gold pieces.

Inventory:

Hand Weapons
 a - a +0 falchion (weapon)
Missiles
 h - 135 stones (quivered)
Armour
 b - a +0 robe (worn)
 c - a +0 medium shield
Wands
 d - a wand of paralysis (10)
Scrolls
 g - a scroll of blinking {unknown}
Comestibles
 e - a ration {!d}


   Skills:
 - Level 2.0 Fighting
 - Level 2.0 Long Blades
 * Level 1.6 Throwing
 - Level 4.8 Stealth
 - Level 1.5 Shields
 - Level 1.0 Spellcasting
 - Level 1.0 Hexes
 - Level 1.0 Evocations


You had 2 spell levels left.
You knew the following spells:

 Your Spells              Type           Power        Failure   Level  Hunger
a - Slow                  Hex            #.......     19%         1    None
Your spell library was empty.

Dungeon Overview and Level Annotations

Branches:
Dungeon (1/12)

Altars:


Innate Abilities, Weirdness & Mutations

You cannot wear boots.
Your serpentine skin is tough. (AC +0)
You have supernaturally acute eyesight. (SInv)
Armour fits poorly on your strangely shaped body.
Your system is resistant to poisons. (rPois)
You cover ground very slowly.
You have a slow metabolism.
You can spit poison.


Message History

Press: ? - help, Shift-Dir - straight line, f - hobgoblin
Aim: a hobgoblin, wielding a +0 club (heavily wounded)
The splash of poison hits the hobgoblin.
The hobgoblin is poisoned.
You kill the hobgoblin!
Cheibriados appreciates the change of pace.
You feel slightly more hungry. The rat bites you.
* * * LOW HITPOINT WARNING * * *
You hit the rat but do no damage. The rat barely misses you.
You aren't carrying any potions.
Unknown command.
You barely miss the rat. The rat closely misses you.
You hit the rat but do no damage.
You have got your breath back.
The rat barely misses you.
Press: ? - help, Shift-Dir - straight line, f - rat
Aim: a rat The splash of poison hits the rat but does no damage.
You feel slightly more hungry. The rat bites you.
You die...

#... #.........# #...
#.........# #...
###.........# #...
............# #...
............# ##.#
............# # #
......r....####### #
......)@.........# #.#
########.........# #.#
#.........#####.#
##............##.#
#................#
#................#
#####...####.........#
............'..........
....#########.........#


You could see a rat.

Vanquished Creatures
  2 leopard geckos (D:1)
  2 giant cockroaches (D:1)
  A goblin (D:1)
  A hobgoblin (D:1)
  A kobold (D:1)
  A rat (D:1)
8 creatures vanquished.

Notes
Turn   | Place    | Note
-------+----------+-------------------------------------------
     0 | D:1      | pasperui the Naga Sloth Apostle began the quest for the
                  | Orb.
     0 | D:1      | Reached XP level 1. HP: 19/19 MP: 2/2
   239 | D:1      | Reached skill level 1 in Throwing
   262 | D:1      | Reached XP level 2. HP: 21/26 MP: 3/3
   285 | D:1      | HP: 1/26 [rat (2)]
   289 | D:1      | Slain by a rat

Skill      XL: |  1 |
---------------+----+-----
Throwing       | 1 |  1.6
Fighting       | |  2.0
Long Blades    | |  2.0
Stealth        | |  4.8
Shields        | |  1.5
Spellcasting   | |  1.0
Hexes          | |  1.0
Evocations     | |  1.0

Action                   || total
-------------------------++-------
Melee: Falchion          ||    29
 Abil: Spit Poison       ||     6
Armor: Robe              ||     7
Dodge: Dodged            ||    15
